 Dungeon Crawl Stone Soup version 0.24.0-123-gd5b16e6ec5 (webtiles) character file.

Game seed: 9292460377674030949, levelgen mode: deterministic

58 Krotfred the Caller (level 4, 0/31 HPs)
             Began as a Merfolk Summoner on Jan 10, 2020.
             Succumbed to an adder's poison
             ... on level 2 of the Dungeon on Jan 15, 2020.
             The game lasted 00:37:06 (2490 turns).

Krotfred the Caller (Merfolk Summoner)              Turns: 2490, Time: 00:37:07

Health: 0/31       AC:  2    Str:  9    XL:     4   Next: 2%
Magic:  3/7        EV: 13    Int: 14    God:
Gold:   22         SH:  0    Dex: 14    Spells: 1/7 levels left

rFire    . . .     SeeInvis .   b - +0 short sword
rCold    . . .     Gourm    .   (no shield)
rNeg     . . .     Faith    .   a - +0 robe
rPois    .         Spirit   .   (no helmet)
rElec    .         Reflect  .   (no cloak)
rCorr    .         Harm     .   (no gloves)
MR       .....                  (no boots)
Stlth    ++........             (no amulet)
HPRegen  0.10/turn              (no ring)
MPRegen  0.10/turn              (no ring)

@: lethally poisoned (0 -> -13)
A: change form in water, swift swim, stealthy swim
a: no special abilities


You were on level 2 of the Dungeon.
You were very hungry.

You visited 1 branch of the dungeon, and saw 2 of its levels.

You collected 22 gold pieces.

Inventory:

Hand Weapons
 b - a +0 short sword (weapon)
Missiles
 g - 11 bolts
Armour
 a - a +0 robe (worn)
Scrolls
 e - 3 scrolls of identify {unknown}
 f - a scroll of teleportation {unknown}
 j - a scroll of enchant armour {unknown}
 k - a scroll of enchant weapon {unknown}
Potions
 d - 2 potions of heal wounds {unknown}
 h - a potion of magic {unknown}
 i - a potion of flight {unknown}
 l - a potion of lignification {unknown}
 m - a potion of mutation {unknown}
Comestibles
 c - 3 rations


   Skills:
 + Level 0.4 Fighting
 + Level 1.8 Short Blades
 + Level 3.1 Dodging
 + Level 2.8 Stealth
 + Level 0.4 Unarmed Combat
 + Level 2.1 Spellcasting
 + Level 4.6 Summonings


You had one spell level left.
You knew the following spells:

 Your Spells              Type           Power        Failure   Level  Hunger
a - Summon Small Mammal   Summ           ##..         3%          1    ##.....
b - Call Imp              Summ           ##......     5%          2    ###....
c - Summon Guardian Gole  Hex/Summ       #.......     28%         3    ####...

Your spell library contained the following spells:

 Spells                   Type           Power        Failure   Level  Hunger
 Call Canine Familiar     Summ           ##......     11%         3    ####...
 Summon Ice Beast         Ice/Summ       #.......     67%         4    #####..
 Summon Lightning Spire   Summ/Air       #.......     67%         4    #####..


Dungeon Overview and Level Annotations

Branches:
Dungeon (2/15)

Altars:


Message History

You feel sick. The adder bites you.
You miss the adder.
The adder is heavily wounded.
You feel sick. The adder barely misses you.
You barely miss the adder.
The adder is heavily wounded.
* * * LOW HITPOINT WARNING * * *
You feel sick. The adder bites you.
* * * LOW HITPOINT WARNING * * *
The adder bites you.
* * * LOW HITPOINT WARNING * * *
Unknown command.
* * * LOW HITPOINT WARNING * * *
You feel sick.
Your magical contamination has completely faded away.
* * * LOW HITPOINT WARNING * * *
You feel sick.
* * * LOW HITPOINT WARNING * * *
You feel sick. The adder barely misses you.
You die...

..## ..# ...##..#
... .#.##..##
###.# .#.##...
..#.# .#.##.##
#.#.# .......#
#.#.#
###.#..#####.#.#.#
()...........#.#.#
####...#######.#@#
.....>...........#
##############.S.#
#.........รท..8.#
#.###########..#
#.# #..# #.# #..#
#.# #..# ###.#
#....


You could see an adder and a friendly guardian golem.

Vanquished Creatures
  2 oozes
  3 dart slugs
  A ball python (D:1)
  A giant cockroach (D:1)
  3 goblins
  5 hobgoblins
  5 kobolds
  A quokka (D:2)
  7 bats
  A frilled lizard (D:2)
  5 rats (D:1)
34 creatures vanquished.

Vanquished Creatures (collateral kills)
  An ooze (D:1)
  A goblin (D:1)
  2 hobgoblins (D:1)
4 creatures vanquished.

Grand Total: 38 creatures vanquished

Notes
Turn   | Place    | Note
-------+----------+-------------------------------------------
     0 | D:1      | Krotfred the Merfolk Summoner began the quest for the Orb.
     0 | D:1      | Reached XP level 1. HP: 13/13 MP: 3/3
   242 | D:1      | Reached XP level 2. HP: 18/19 MP: 3/5
   620 | D:1      | Reached XP level 3. HP: 24/24 MP: 4/6
   716 | D:1      | Reached skill level 1 in Short Blades
  1389 | D:1      | Learned a level 2 spell: Call Imp
  1393 | D:1      | Learned a level 3 spell: Summon Guardian Golem
  2211 | D:2      | Reached XP level 4. HP: 31/31 MP: 7/7
  2489 | D:2      | HP: 1/31 [poisoned by an adder]
  2490 | D:2      | Succumbed to an adder's poison

Levels and vault maps discovered:
D:1:      onia_arrival_handbag, layout_basic
D:2:      layout_basic, minitemple

Skill      XL: |  1  2  3 |
---------------+----------+-----
Short Blades   | 1 |  1.8
Dodging        | 3 |  3.1
Fighting       | |  0.4
Stealth        | |  2.8
Unarmed Combat | |  0.4
Spellcasting   | |  2.1
Summonings     | |  4.6

Action                   |  1- 3 |  4- 6 || total
-------------------------+-------+-------++-------
Melee: Unarmed           |    18 |       ||    18
       Short sword       |   115 |    16 ||   131
 Cast: Summon Small Mamm |     7 |       ||     7
       Summon Guardian G |     1 |     1 ||     2
 Stab: Sleeping          |     8 |       ||     8
  Eat: Ration            |     1 |       ||     1
       Chunk             |     1 |       ||     1
Armor: Robe              |    25 |       ||    25
Dodge: Dodged            |    86 |    11 ||    97
